 Dungeon Crawl Stone Soup version 0.18-a0-1164-g7046a04 (webtiles) character file.

216 Reinor the Slicer (level 6, -2/37 HPs)
             Began as a Kobold Berserker on Jan 25, 2016.
             Was a Priest of Trog.
             Killed by nerve-wracking pain
             ... invoked by Grinder
              (6 damage)
             ... on level 4 of the Dungeon.
             The game lasted 00:07:12 (2339 turns).

Reinor the Slicer (Kobold Berserker)                Turns: 2339, Time: 00:07:13

Health: -2/37      AC:  7    Str: 15    XL:     6   Next: 16%
Magic:  6/6        EV: 15    Int:  5    God:    Trog [***...]
Gold:   158        SH:  0    Dex: 18    Spells: 0 memorised, 5 levels left

rFire  . . .     SeeInvis .     a - +1 short sword
rCold  . . .     Gourm    .     b - +0 animal skin
rNeg   . . .     Faith    +     (shield restricted)
rPois  .         Spirit   .     (no helmet)
rElec  .         Dismiss  .     l - +1 cloak
rCorr  .         Reflect  .     n - +2 pair of gloves
SustAt .         Harm     .     (no boots)
MR     .....                    d - amulet of faith
Stlth  ++........               (no ring)
                                (no ring)

@: exhausted, slowed, very slow, not resistant to hostile enchantments,
unstealthy
A: carnivore 3
a: Berserk, Trog's Hand, Burn Spellbooks, Renounce Religion


You were on level 4 of the Dungeon.
You worshipped Trog.
Trog was most pleased with you.
You were very full.

You visited 1 branch of the dungeon, and saw 4 of its levels.

You collected 158 gold pieces.

Inventory:

Hand Weapons
 a - a +1 short sword (weapon)
Armour
 b - a +0 animal skin (worn)
 l - a +1 cloak (worn)
 n - a +2 pair of gloves (worn)
Jewellery
 d - an amulet of faith (around neck)
Scrolls
 e - a scroll of identify
 j - 2 scrolls of remove curse
 m - a scroll of teleportation
 o - a scroll of immolation
Potions
 f - 2 potions of haste
 g - a potion of curing
Comestibles
 c - 2 meat rations
 h - 2 beef jerkies
 k - 2 chunks of flesh


   Skills:
 + Level 3.5 Fighting
 - Level 8.3 Short Blades
 - Level 1.5 Armour
 - Level 2.4 Dodging


You had 5 spell levels left.
You didn't know any spells.

Dungeon Overview and Level Annotations

Branches:
Dungeon (4/15)
 Temple: D:4-7

Altars:

Annotations:
D:4 Grinder


Innate Abilities, Weirdness & Mutations

You are small and have problems with some larger weapons.
You are carnivorous and can eat meat at any time.


Message History

You feel better.
An orc wizard appears from thin air!
Reactivating autopickup.
Grinder gestures at you. You resist with significant effort.
Grinder gestures at you. Pain shoots through your body!
The orc wizard misses you.
You barely miss the orc wizard.
The orc wizard is moderately wounded.
Grinder gestures.
Grinder blinks!
The orc wizard closely misses you.
The orc wizard casts a spell.
The orc wizard flickers and vanishes!
Deactivating autopickup; reactivate with Ctrl-A.
You hear some strange, mumbled words.
A puff of flame appears from out of thin air!
The puff of flame hits you!
* * * LOW HITPOINT WARNING * * *
Grinder gestures at you. Pain shoots through your body!
You die...

##................
#.................
.........>........
..................
..................
......!...........
......)...........
...?...<.{........
......†.@5...[....
.#................
##.[............#
##...§........##
##..........##
##......).##
##......##
##....##


You could see Grinder.

Vanquished Creatures
  The ghost of namelastname112 the Agent of Entropy, an amateur DrAK of Lugonu (D:3)
  3 gnolls (D:2)
  3 adders
  A worm (D:2)
  3 orcs (D:4)
  6 bats
  3 giant cockroaches
  11 goblins
  10 hobgoblins
  6 jackals
  2 quokkas (D:2)
  A ball python (D:1)
  2 giant newts
  5 kobolds
  9 rats
66 creatures vanquished.

Notes
Turn   | Place    | Note
--------------------------------------------------------------
     0 | D:1      | Reinor the Kobold Berserker began the quest for the Orb.
     0 | D:1      | Reached XP level 1. HP: 14/14 MP: 1/1
   266 | D:1      | Reached XP level 2. HP: 16/19 MP: 2/2
   532 | D:1      | Reached skill level 5 in Short Blades
   698 | D:1      | Reached ** piety under Trog
   795 | D:1      | Reached XP level 3. HP: 19/23 MP: 3/3
   956 | D:2      | Reached skill level 6 in Short Blades
   956 | D:2      | Reached XP level 4. HP: 27/28 MP: 4/4
  1657 | D:2      | Reached skill level 7 in Short Blades
  1657 | D:2      | Reached XP level 5. HP: 32/32 MP: 5/5
  1695 | D:2      | Reached *** piety under Trog
  1802 | D:3      | Noticed namelastname112's ghost (amateur DrAK)
  2191 | D:3      | Killed namelastname112's ghost
  2191 | D:3      | Reached skill level 8 in Short Blades
  2191 | D:3      | Reached XP level 6. HP: 37/37 MP: 6/6
  2308 | D:4      | Noticed Grinder
  2339 | D:4      | Killed from afar by Grinder

Vault maps used:
D:1:      tarquinn_simple_flora_water_d, minivault_25
D:2:      corexii_corridor_pit
D:3:      first_bread
D:4:      overflow_temple_1_default, okawaru_metal_pillars_1_2, uniq_grinder,
          uniq_crazy_yiuf_cottage, uniq_eustachio

Action                   |  1- 3 |  4- 6 || total
-------------------------+-------+-------++-------
Melee: Short sword       |    79 |   166 ||   245
Invok: Berserk           |     1 |     3 ||     4
       Trog's Hand       |       |     2 ||     2
  Use: Scroll            |     2 |     5 ||     7
       Potion            |       |     2 ||     2
 Stab: Sleeping          |     1 |     1 ||     2
       Distracted        |     1 |       ||     1
  Eat: Chunk             |     8 |     8 ||    16
